 Dungeon Crawl Stone Soup version 0.30-a0-1124-g6e8f0f562f (webtiles) character file.

Game seed: 6409934228609985357

188 cheesebisquit the Shield-Bearer (level 5, -6/47 (53) HPs)
             Began as a Troll Fighter on Apr 23, 2023.
             Mangled by a wight
             ... wielding a +2 great sword
              (20 damage)
             ... on level 4 of the Dungeon.
             The game lasted 00:06:09 (2588 turns).

cheesebisquit the Shield-Bearer (Troll Fighter)     Turns: 2588, Time: 00:06:09

HP:   -6/47 (53)    AC:  4    Str: 26    XL:     5   Next: 39%
MP:   0/4           EV:  9    Int:  4    God:
Gold: 193           SH:  8    Dex:  9    Spells: 4/4 levels left

rFire   . .          .
                       - Unarmed
rCold   . . .        b - +0 kite shield
rNeg    . . .        a - +0 robe
rPois   +            (helmet restricted)
rElec   .            (no cloak)
rCorr   .            (gloves unavailable)
SInv    .            (boots unavailable)
Will    .....        h - amulet of guardian spirit
Stlth   +            f - ring of flight
HPRegen 1.07/turn    o - ring of poison resistance
MPRegen 0.09/turn

%: guardian spirit
@: mighty, flying, heavily drained
A: large, unfitting armour, claws 3, regeneration 1, shaggy fur 1, tough skin 1
a: no special abilities


You were on level 4 of the Dungeon.
You visited 1 branch of the dungeon, and saw 4 of its levels.

You collected 193 gold pieces.

Inventory:

Missiles
 e - 4 poisoned darts (quivered)
Armour
 a - a +0 robe (worn)
 b - a +0 kite shield (worn)
Jewellery
 f - a ring of flight (left claw)
 h - an amulet of guardian spirit (around neck)
 o - a ring of poison resistance (right claw)
 x - a ring of protection from cold
Wands
 t - a wand of iceblast (8)
Scrolls
 d - a scroll of enchant armour {unknown}
 j - a scroll of acquirement {unknown}
 k - a scroll of fear {unknown}
 l - a scroll of fog {unknown}
 m - a scroll of noise {unknown}
 n - a scroll of silence {unknown}
 p - 2 scrolls of brand weapon {unknown}
 r - 3 scrolls of identify {unknown}
 u - a scroll of teleportation {unknown}
 v - a scroll of amnesia {unknown}
 w - a scroll of enchant weapon {unknown}
Potions
 g - 2 potions of flight {unknown}
 i - 5 potions of curing {unknown}
 q - a potion of heal wounds {unknown}
 s - a potion of haste {unknown}


   Skills:
 + Level 3.2 Fighting
 + Level 1.8 Throwing
 - Level 2.4 Dodging
 + Level 3.6 Shields
 * Level 3.4 Unarmed Combat


You had 4 spell levels left.
You didn't know any spells.
Your spell library contained the following spells:

 Spells                   Type           Power      Damage    Failure   Level
 Cigotuvi's Dreadful Rot  Necr/Pois/Air  0%         N/A       87%         2
 Dazzling Flash           Conj/Hex       0%         N/A       98%         3
 Ignite Poison            Fire/Tmut/Pois 0%         N/A       98%         3
 Tukima's Dance           Hex            0%         N/A       98%         3
 Manifold Assault         Tloc           0%         N/A       100%        4
 Passage of Golubria      Tloc           0%         N/A       100%        4
 Agony                    Necr           0%         N/A       100%        5
 Freezing Cloud           Conj/Ice/Air   0%         6-21      100%        5
 Silence                  Hex/Air        0%         N/A       100%        5
 Yara's Violent Unravell  Hex/Tmut       0%         3d3       100%        5
 Dispersal                Tloc           0%         N/A       100%        6
 Disjunction              Tloc           0%         N/A       100%        8


Dungeon Overview and Level Annotations

Branches:
Dungeon (4/15)
 Temple: D:4-7

Altars:
Hepliaklqana


Innate Abilities, Weirdness & Mutations

You are too large for most types of armour.
You have claws for hands.
Your natural rate of healing is unusually fast.
You are covered in fur. (AC +1)
You have tough skin. (AC +1)


Message History

You scratch the goblin.
You kill the goblin!
No target in view!
You now have 193 gold pieces (gained 14).
Things that are here:
a +0 club; 7 stones; a goblin corpse
There is an open door here.
A wight comes into view. It is wielding a +2 great sword.
Found a robe.
You block the wight's attack.
You claw the wight!
The wight is heavily damaged.
The wight hits you with a +2 great sword!
You feel drained.
You barely miss the wight.
The wight is heavily damaged.
The wight barely misses you.
You scratch the wight but do no damage.
The wight is heavily damaged.
The wight completely misses you.
You closely miss the wight.
The wight is heavily damaged.
You block the wight's attack.
The wight hits you with a +2 great sword!!
You feel drained.
You are too injured to fight recklessly!
You are too injured to fight recklessly!
You are too injured to fight recklessly!
You are too injured to fight recklessly!
You barely miss the wight.
The wight is heavily damaged.
You block the wight's attack.
You barely miss the wight.
The wight is heavily damaged.
The wight hits you with a +2 great sword!
You feel drained.
* * * LOW HITPOINT WARNING * * *
You feel very mighty all of a sudden.
The wight hits you with a +2 great sword!!
You die...

#.#####.#
####.# #.#
#....# #.#
#.###### #.#
##......# #.#
#..####.# #.#
#.##### #.#
##
#.....#.###.#
.#
#.###.#..[.@#
.#####.##
#..#.z#
.##.....# ##
#..#
..'.....#
...#
.##.....#
###.#
.##.....# ...
###.....# .#
.## ###.....#
#.# .
........# #.#


You could see a wight.

Vanquished Creatures
  A hound (D:4)
  An orc priest (D:4)
  3 gnolls (D:2)
  3 adders
  A worm (D:4)
  A dart slug (D:1)
  6 orcs
  4 bats
  3 endoplasms
  4 giant cockroaches
  6 goblins
  5 hobgoblins
  3 jackals (D:4)
  4 quokkas
  3 ball pythons
  A frilled lizard (D:2)
  7 kobolds
  3 rats
59 creatures vanquished.

Notes
Turn   | Place    | Note
-------+----------+-------------------------------------------
     0 | D:1      | cheesebisquit the Troll Fighter began the quest for the
                  | Orb.
     0 | D:1      | Reached XP level 1. HP: 22/22 MP: 0/0
   564 | D:1      | Reached XP level 2. HP: 29/29 MP: 1/1
  1119 | D:2      | Reached XP level 3. HP: 36/36 MP: 2/2
  1163 | D:2      | Reached skill level 1 in Throwing
  1302 | D:3      | Found a hazy altar of Hepliaklqana.
  1306 | D:3      | Reached XP level 4. HP: 44/44 MP: 3/3
  2263 | D:4      | Reached XP level 5. HP: 45/53 MP: 2/4
  2588 | D:4      | Mangled by a wight

Illustrated notes

Levels and vault maps discovered:
D:1:      tarquinn_simple_flora_water_d, layout_basic, nicolae_titane
D:2:      layout_rooms, minivault_4
D:3:      layout_loops_cross, mainiacjoe_overflow_catwalk, grunt_ministairs_10
D:4:      layout_basic

Skill      XL: |  1  2  3  4 |
---------------+-------------+-----
Shields        | 3 |  3.6
Throwing       | 1 |  1.8
Fighting       | 3 |  3.2
Unarmed Combat | 3 |  3.4
Dodging        | |  2.4

Action                     |  1- 3 |  4- 6 || total
---------------------------+-------+-------++-------
  Melee: Unarmed           |    72 |    99 ||   171
  Throw: Dart              |     2 |       ||     2
    Use: Potion            |       |     1 ||     1
   Stab: Sleeping          |     2 |     1 ||     3
 Armour: Robe              |    16 |    20 ||    36
  Dodge: Dodged            |    20 |    41 ||    61
  Block: Kite shield       |    19 |    39 ||    58

Table legend: (Time is in decaauts)
 A = Elapsed time spent in this place.
 B = Non-inter-level travel time spent in this place.
 C = Inter-level travel time spent in this place.
 D = Time resting spent in this place.
 E = Time spent auto-exploring this place.
 F = Levels seen in this place.
 G = Mean time per level.
                   A        B        C        D        E       F      G
               +--------+--------+--------+--------+--------+-----+--------+
         Total |   2597 |   2557 |     40 |      0 |   2140 |   4 |  649.2 |
       Dungeon |   2597 |   2557 |     40 |      0 |   2140 |   4 |  649.2 |
               +--------+--------+--------+--------+--------+-----+--------+

Top non-repeatable levels by time:
     D:1: 895 daAuts
     D:3: 724 daAuts
     D:4: 566 daAuts
     D:2: 410 daAuts
